 Dungeon Crawl Stone Soup version 0.30-a0-939-gc8157cb160 (webtiles) character file.

Game seed: 12217134163402739406

277 Bnni the Digger (level 6, -3/46 HPs)
             Began as a Formicid Earth Elementalist on Mar 25, 2023.
             Slain by a gnoll
             ... wielding a +0 club
              (9 damage)
             ... on level 4 of the Dungeon.
             The game lasted 00:03:33 (3104 turns).

Bnni the Digger (Formicid Earth Elementalist)       Turns: 3104, Time: 00:03:34

Health: -3/46      AC:  2    Str: 13    XL:     6   Next: 51%
Magic:  3/11       EV: 12    Int: 16    God:
Gold:   203        SH:  0    Dex: 14    Spells: 8/11 levels left

rFire   . . .      SeeInvis +    x - +1 dagger (protect)
rCold   . . .      Faith    .    (no shield)
rNeg    + . .      Spirit   .    a - +0 robe
rPois   .          Reflect  .    (helmet unavailable)
rElec   .          Rampage  .    (no cloak)
rCorr   .                        (no gloves)
Will    .....                    (no boots)
Stlth   ++                       (no amulet)
HPRegen 0.27/turn                i - ring of positive energy
MPRegen 0.12/turn                (no ring)

@: no status effects
A: permanent stasis, dig shafts and tunnels, antennae 3, four strong arms
a: Dig, Shaft Self


You were on level 4 of the Dungeon.
You visited 1 branch of the dungeon, and saw 4 of its levels.

You collected 203 gold pieces.

Inventory:

Hand Weapons
 x - a +1 dagger of protection (weapon)
Missiles
 y - 7 poisoned darts
Armour
 a - a +0 robe (worn)
 e - a +0 ring mail
 g - a +0 chain mail
Jewellery
 i - a ring of positive energy (left hand)
 u - a ring of fire
Scrolls
 c - 3 scrolls of identify {unknown}
 f - a scroll of brand weapon {unknown}
 h - a scroll of amnesia {unknown}
 k - a scroll of enchant armour {unknown}
 m - a scroll of poison {unknown}
 o - a scroll of magic mapping {unknown}
 q - a scroll of vulnerability {unknown}
 r - a scroll of acquirement {unknown}
Potions
 b - a potion of magic
 d - 4 potions of curing {unknown}
 j - a potion of heal wounds {unknown}
 l - a potion of invisibility {unknown}
 n - a potion of lignification {unknown}
 p - 2 potions of cancellation {unknown}
 t - a potion of attraction {unknown}
 v - a potion of brilliance {unknown}
 w - a potion of degeneration {unknown}


   Skills:
 + Level 2.6 Fighting
 - Level 1.7 Dodging
 - Level 2.4 Stealth
 + Level 3.4 Spellcasting
 - Level 3.0 Transmutations
 * Level 5.9 Earth Magic


You had 8 spell levels left.
You knew the following spells:

 Your Spells              Type           Power      Damage    Failure   Level
a - Sandblast             Erth           42%        2d11      1%          1
b - Passwall              Tmut/Erth      14%        N/A       4%          2

Your spell library contained the following spells:

 Spells                   Type           Power      Damage    Failure   Level
 Stone Arrow              Conj/Erth      24%        3d8       16%         3
 Slow                     Hex            8%         N/A       19%         1
 Petrify                  Tmut/Erth      17%        N/A       28%         4
 Confusing Touch          Hex            2%         N/A       47%         3
 Vampiric Draining        Necr           2%         2d6       47%         3


Dungeon Overview and Level Annotations

Branches:
Dungeon (4/15)
 Temple: D:4-7

Altars:


Innate Abilities, Weirdness & Mutations

You cannot be hasted, slowed, berserked, paralysed or teleported.
You can dig through walls and to a lower floor.
You have a pair of large antennae on your head. (SInv)
Your four strong arms can wield two-handed weapons with a shield.


Message History

The blast of sand hits the adder.
The adder is lightly wounded.
The adder bites you. The gnoll hits you with a +0 club.
The adder barely misses you. The gnoll hits you but does no damage.
Aiming: Sandblast (safe; 1% risk of failure)
Press: ? - help, Q - select action, (/) - cycle Shift-Dir - straight line, f/p - adder
Aim: an adder (lightly wounded, 72% to hit)
The blast of sand hits the adder.
The adder is heavily wounded.
The adder completely misses you. The gnoll barely misses you.
The adder closely misses you.
Aiming: Sandblast (safe; 1% risk of failure)
Press: ? - help, Q - select action, (/) - cycle Shift-Dir - straight line, f/p - adder
Aim: an adder (heavily wounded, 72% to hit)
The blast of sand hits the adder!
You kill the adder!
The gnoll hits you with a +0 club!
* * * LOW HITPOINT WARNING * * *
The iguana closely misses you. The gnoll hits you with a +0 club.
* * * LOW HITPOINT WARNING * * *
You hit the iguana but do no damage.
Your weapon exudes an aura of protection.
The iguana barely misses you. The gnoll hits you with a +0 club.
* * * LOW HITPOINT WARNING * * *
Unknown command.
Aiming: Sandblast (safe; 1% risk of failure)
Press: ? - help, Q - select action, (/) - cycle Shift-Dir - straight line, f - gnoll
Aim: a gnoll, wielding a +0 club (85% to hit)
The blast of sand hits the gnoll.
The gnoll is heavily wounded.
The gnoll hits you with a +0 club.
* * * LOW HITPOINT WARNING * * *
The iguana misses you.
Aiming: Sandblast (safe; 1% risk of failure)
Press: ? - help, Q - select action, (/) - cycle Shift-Dir - straight line, f/p - gnoll
Aim: a gnoll, wielding a +0 club (heavily wounded, 85% to hit)
The blast of sand hits the gnoll but does no damage.
The gnoll is heavily wounded.
The gnoll hits you with a +0 club!
You die...

.....# .... .<..##...#
#.........##. ...##....#
#..... ...... .........#
....##..>....
.###.....####....#.......
.####....#.#.............
#.##.....................
.........#......))..<$...
#.....##.#...[..@g.......
#.....##..†.#...l........
....#...)...##.........#
.......##......>.###....#
#..##..######............
.......# ##..........#
...#.#..# #.##......#
..####..# #.# ..##.## ..
.... ... ..# #


You could see an iguana and a gnoll.

Vanquished Creatures
  Eustachio (D:4)
  Jessica (D:2)
  An iguana (D:4)
  2 adders
  2 gnolls (D:4)
  4 dart slugs
  An orc (D:4)
  An endoplasm (D:3)
  4 giant cockroaches
  2 hobgoblins
  7 kobolds
  5 quokkas
  4 ball pythons
  5 bats
  A frilled lizard (D:1)
  6 goblins
  4 rats
51 creatures vanquished.

Notes
Turn   | Place    | Note
-------+----------+-------------------------------------------
     0 | D:1      | Bnni the Formicid Earth Elementalist began the quest for
                  | the Orb.
     0 | D:1      | Reached XP level 1. HP: 13/13 MP: 3/3
   238 | D:1      | Reached XP level 2. HP: 20/20 MP: 1/5
   384 | D:1      | Reached skill level 4 in Earth Magic
   678 | D:1      | Found a faded altar of an unknown god.
   682 | D:1      | Reached skill level 1 in Fighting
   682 | D:1      | Reached XP level 3. HP: 26/26 MP: 0/6
  1343 | D:2      | Noticed Jessica
  1347 | D:2      | Killed Jessica
  1348 | D:2      | Reached XP level 4. HP: 26/32 MP: 4/8
  1636 | D:2      | Learned a level 2 spell: Passwall
  2851 | D:4      | Noticed Eustachio
  2859 | D:4      | Killed Eustachio
  2860 | D:4      | Reached skill level 5 in Earth Magic
  2860 | D:4      | Reached XP level 5. HP: 13/39 MP: 2/9
  2860 | D:4      | Reached XP level 6. HP: 16/46 MP: 2/10
  3104 | D:4      | Slain by a gnoll

Illustrated notes

Levels and vault maps discovered:
D:1:      amcnicky_arrival_blooded_trapdoor, layout_loops_ring,
          chequers_ecumenical_altar_island, serial_forest,
          infiniplex_forest_end_double, infiniplex_forest_lined_1,
          infiniplex_forest_clump_curved, infiniplex_forest_clump_tiny,
          infiniplex_forest_straight_2, infiniplex_forest_lined_room_3
D:2:      layout_basic, st_stairs_3, nicolae_elevator_lobby_plus, uniq_jessica
D:3:      layout_loops_cross
D:4:      layout_cave_pools, lemuel_mausoleum_altar_kikubaaqudgha,
          uniq_eustachio

Skill      XL: |  1  2  3  4  5  6 |
---------------+-------------------+-----
Earth Magic    | 4 5 |  5.9
Fighting       | 1 2 |  2.6
Transmutations | 2 3 |  3.0
Spellcasting   | 3 |  3.4
Dodging        | |  1.7
Stealth        | |  2.4

Action                     |  1- 3 |  4- 6 || total
---------------------------+-------+-------++-------
  Melee: Dagger            |     3 |     8 ||    11
  Throw: Dart              |       |     1 ||     1
   Cast: Sandblast         |    38 |    49 ||    87
 Armour: Robe              |     3 |     8 ||    11
  Dodge: Dodged            |     9 |    43 ||    52

Table legend: (Time is in decaauts)
 A = Elapsed time spent in this place.
 B = Non-inter-level travel time spent in this place.
 C = Inter-level travel time spent in this place.
 D = Time resting spent in this place.
 E = Time spent auto-exploring this place.
 F = Levels seen in this place.
 G = Mean time per level.
                   A        B        C        D        E       F      G
               +--------+--------+--------+--------+--------+-----+--------+
         Total |   3156 |   3047 |    109 |    160 |   2509 |   4 |  789.0 |
       Dungeon |   3156 |   3047 |    109 |    160 |   2509 |   4 |  789.0 |
               +--------+--------+--------+--------+--------+-----+--------+

Top non-repeatable levels by time:
     D:2: 1127 daAuts
     D:1: 1114 daAuts
     D:3: 650 daAuts
     D:4: 264 daAuts
